 Dungeon Crawl Stone Soup version 0.31-a0-1-g4198be8 (webtiles) character file.

Game seed: 9656692926103962569

536 Nithhogg the Trooper (level 7, -6/93 HPs)
             Began as a Hill Orc Fighter on May 2, 2023.
             Mangled by an orc warrior
             ... wielding a +0 glaive
              (8 damage)
             ... on level 5 of the Dungeon.
             The game lasted 00:11:28 (4525 turns).

Nithhogg the Trooper (Hill Orc Fighter)             Turns: 4525, Time: 00:11:28

Health: -6/93      AC: 23    Str: 21    XL:     7   Next: 25%
Magic:  10/10      EV:  2    Int:  8    God:
Gold:   250        SH:  0    Dex: 10    Spells: 6/6 levels left

rFire   . . .        a - +0 war axe
rCold   + . .        (no shield)
rNeg    . . .        u - melded +3 ring mail
rPois   +            m - melded +1 helmet
rElec   .            (cloak currently unavailable)
rCorr   .            (gloves currently unavailable)
SInv    .            h - melded +0 pair of boots "Bixuab" {rCorr Dex+3}
Will    .....        (no amulet)
Stlth   +            o - ring of protection from cold
HPRegen 0.35/turn    (no ring)
MPRegen 0.12/turn

%: no passive effects
@: tree-form
A: stationary, stasis, torment immunity, boosted hp
a: no special abilities


You were on level 5 of the Dungeon.
You were a tree.
You visited 1 branch of the dungeon, and saw 5 of its levels.

You collected 250 gold pieces.

Inventory:

Hand Weapons
 a - a +0 war axe (weapon)
 t - a +1 hand axe of holy wrath
Armour
 b - a +0 scale mail
 c - a +0 buckler
 h - the +0 pair of boots "Bixuab" (melded) {rCorr Dex+3}
   (You acquired it on level 3 of the Dungeon)

   Dex:       It affects your dexterity (+3).
   rCorr:     It protects you from acid and corrosion.
 m - a +1 helmet (melded)
 u - a +3 ring mail (melded)
Jewellery
 o - a ring of protection from cold (left branch)
 q - an amulet of faith
Scrolls
 d - 2 scrolls of blinking
 n - 6 scrolls of identify
 p - a scroll of enchant armour
 s - a scroll of fear
Potions
 e - a potion of lignification
 f - a potion of resistance {unknown}
 g - 6 potions of curing {unknown}
 i - a potion of magic {unknown}
 j - a potion of brilliance {unknown}
 k - a potion of ambrosia {unknown}
 l - 2 potions of mutation {unknown}
 r - 2 potions of degeneration {unknown}
 v - a potion of heal wounds {unknown}
 z - a potion of berserk rage {unknown}


   Skills:
 + Level 5.7 Fighting
 + Level 5.5 Axes
 + Level 5.2 Armour
 - Level 3.2 Shields
 + Level 4.7 Invocations


You had 6 spell levels left.
You didn't know any spells.
Your spell library contained the following spells:

 Spells                   Type           Power      Damage    Failure   Level
 Apportation              Tloc           0%         N/A       41%         1
 Magic Dart               Conj           0%         1d3       41%         1
 Call Imp                 Summ           0%         N/A       54%         2
 Mephitic Cloud           Conj/Pois/Air  0%         N/A       78%         3
 Alistair's Intoxication  Tmut/Pois      0%         N/A       100%        5


Dungeon Overview and Level Annotations

Branches:
Dungeon (5/15)
 Temple: D:4-7

Altars:

Shops:
D:3 *

Annotations:
D:3 Natasha
D:4 Sigmund


Message History

The orc warrior hits you with a +0 glaive.
You hit the orc warrior.
The orc warrior is lightly wounded.
The orc warrior misses you.
You closely miss the orc warrior.
The orc warrior is lightly wounded.
The orc warrior hits you with a +0 glaive!
You closely miss the orc warrior.
The orc warrior is lightly wounded.
The orc warrior hits you with a +0 glaive.
* * * LOW HITPOINT WARNING * * *
It was a potion of lignification.
You turn into a tree.
Your +1 helmet melds into your body.
The +0 pair of boots "Bixuab" {rCorr Dex+3} melds into your body.
Your +3 ring mail melds into your body.
Your roots penetrate the ground.
The orc warrior hits you but does no damage.
Okay, then.
You barely miss the orc warrior.
The orc warrior is lightly wounded.
You hit the gargoyle but do no damage.
The orc warrior hits you with a +0 glaive.
* * * LOW HITPOINT WARNING * * *
The gargoyle hurls a stone arrow at you.
The stone arrow hits you but does no damage.
The orc warrior hits you with a +0 glaive.
* * * LOW HITPOINT WARNING * * *
The gargoyle hits you with a +0 mace.
* * * LOW HITPOINT WARNING * * *
You barely miss the orc warrior.
The orc warrior is lightly wounded.
You hit the gargoyle but do no damage.
The orc warrior hits you with a +0 glaive!
* * * LOW HITPOINT WARNING * * *
The gargoyle barely misses you.
You barely miss the orc warrior.
The orc warrior is lightly wounded.
You hit the gargoyle but do no damage. The gargoyle hits you with a +0 mace!
* * * LOW HITPOINT WARNING * * *
The orc warrior hits you with a +0 glaive!
You die...

...## #.#.##
.###.### ## ##..#
.###.#.##
#.#.#...##### ###
##.###.##.§.###.##
#### #.#..#..#.9.#
# #.#9###...#♣# #
####.#.#.#####o# #
#.(..#..#.## #.# #
#.##)#.###9# ..# #
#.##.#..#.####.# #
#.#..#.###.#...# #
#.#.##..#.#9#?##
###.#.##.#######
..#......# ##


You could see an orc warrior and a gargoyle.

Vanquished Creatures
  A black bear (D:5)
  A phantom (D:4)
  An orc priest (D:3)
  2 hounds (D:4)
  A jelly (D:5)
  Natasha (D:3)
  11 gnolls
  4 adders
  An ufetubus (D:4)
  2 worms (D:2)
  A dart slug (D:2)
  8 orcs
  5 endoplasms
  2 giant cockroaches
  8 goblins
  7 hobgoblins
  3 quokkas
  4 ball pythons
  4 bats (D:2)
  2 frilled lizards (D:1)
  4 kobolds
  2 rats (D:1)
75 creatures vanquished.

Notes
Turn   | Place    | Note
-------+----------+-------------------------------------------
     0 | D:1      | Nithhogg the Hill Orc Fighter began the quest for the Orb.
     0 | D:1      | Reached XP level 1. HP: 19/19 MP: 1/1
    22 | D:1      | Found a faded altar of an unknown god.
   218 | D:1      | Reached XP level 2. HP: 17/27 MP: 2/2
   223 | D:1      | Reached skill level 1 in Invocations
   855 | D:2      | Reached XP level 3. HP: 25/33 MP: 2/4
  1194 | D:2      | Reached XP level 4. HP: 30/40 MP: 5/5
  2264 | D:3      | Found Zaasits's General Store.
  2281 | D:3      | Reached XP level 5. HP: 46/47 MP: 5/7
  2295 | D:3      | Identified a scroll of acquirement
  2295 | D:3      | Acquired the +0 pair of boots "Bixuab" {rCorr Dex+3}
  2388 | D:3      | Noticed Natasha
  2392 | D:3      | Killed Natasha
  2414 | D:3      | Noticed Natasha
  2425 | D:3      | HP: 2/47 [Natasha/magic dart (5)]
  3150 | D:3      | Reached skill level 5 in Fighting
  3150 | D:3      | Reached XP level 6. HP: 51/56 MP: 8/8
  3725 | D:4      | Noticed Sigmund
  3846 | D:4      | Reached skill level 5 in Axes
  4248 | D:5      | Entered Level 5 of the Dungeon
  4248 | D:5      | Noticed a black bear
  4256 | D:5      | Killed a black bear
  4257 | D:5      | Reached skill level 5 in Armour
  4257 | D:5      | Reached XP level 7. HP: 62/62 MP: 10/10
  4503 | D:5      | Noticed a gargoyle
  4525 | D:5      | HP: 2/93 [gargoyle/+0 mace (7)]
  4525 | D:5      | Mangled by an orc warrior

Illustrated notes

Levels and vault maps discovered:
D:1:      tarquinn_simple_flora_water_d, layout_basic,
          hellmonk_ecumenical_altar_lost_god
D:2:      layout_loops_ring, amcnicky_mini_corridor_feature
D:3:      layout_loops_corners, serial_shops, shop, uniq_natasha
D:4:      layout_loops_ring, uniq_sigmund
D:5:      layout_loops_cross, temple_hall, minmay_small_thing

Skill      XL: |  1  2  3  4  5  6 |
---------------+-------------------+-----
Axes           | 3 4 5 |  5.5
Invocations    | 1 2 3 4 |  4.7
Fighting       | 4 5 |  5.7
Armour         | 4 5 |  5.2
Shields        | |  3.2

Action                     |  1- 3 |  4- 6 |  7- 9 || total
---------------------------+-------+-------+-------++-------
  Melee: War axe           |    74 |   167 |    12 ||   253
         Punch             |     1 |     3 |       ||     4
         Unarmed           |       |     7 |       ||     7
    Use: Scroll            |     1 |     9 |     1 ||    11
         Potion            |       |     1 |     1 ||     2
 Armour: Scale mail        |    32 |    31 |       ||    63
         Ring mail         |       |    75 |     1 ||    76
         Skin              |       |       |     2 ||     2
  Dodge: Dodged            |    37 |   134 |     9 ||   180

Table legend: (Time is in decaauts)
 A = Elapsed time spent in this place.
 B = Non-inter-level travel time spent in this place.
 C = Inter-level travel time spent in this place.
 D = Time resting spent in this place.
 E = Time spent auto-exploring this place.
 F = Levels seen in this place.
 G = Mean time per level.
                   A        B        C        D        E       F      G
               +--------+--------+--------+--------+--------+-----+--------+
         Total |   4590 |   4489 |    101 |    201 |   3428 |   5 |  918.0 |
       Dungeon |   4590 |   4489 |    101 |    201 |   3428 |   5 |  918.0 |
               +--------+--------+--------+--------+--------+-----+--------+

Top non-repeatable levels by time:
     D:3: 1475 daAuts
     D:4: 1120 daAuts
     D:2: 863 daAuts
     D:1: 852 daAuts
     D:5: 278 daAuts
